AoeStats
← [JaMx] K@l-El

Lombardia

509803802Analyzed
3v3 RM · 5d ago on Sep 28, 2026· 54m 40s· 6 players
Game mode
Random Map
Map size
Normal (6 player)
Population
200
Speed
Normal
Resources
Standard
Victory
Conquest
Starting age
Dark Age
Ending age
Imperial Age
RankedLock teamsTeams togetherTeam positionsShared explorationLock speedFull tech treeHidden civsTurbo modeCheats
Victory
Defeat
🇲🇽 Saxons · Mexico
1503
+14
🇲🇽 Persians · Mexico
1435
+17
🇲🇽 Saracens · Mexico
1330
+22
🇺🇸 Saxons · United States
1481
-19
🇺🇸 Varangians · United States
1450
-17
🇺🇸 Ethiopians · United States
1434
-17
[JaMx] K@l-El
4:49 Loom
10:54 Feudal Age
14:38 Castle Age
12:44 Double-Bit Axe
14:42 Forging
15:41 Scale Barding Armor
23:43 Horse Collar
27:58 Iron Casting
29:30 Chain Barding Armor
37:26 Imperial Age
35:45 Wheelbarrow
34:56 Town Watch
35:45 Heavy Plow
35:58 Bow Saw
35:41 Gold Mining
37:28 Bloodlines
37:05 Cavalier
38:50 Blast Furnace
38:27 Husbandry
42:08 Hand Cart
41:54 Town Patrol
42:00 Light Cavalry
43:24 Crop Rotation
44:34 Two-Man Saw
43:32 Hussar
45:22 Plate Barding Armor
44:47 Scale Mail Armor
45:11 Savar
51:35 Caravan
Jalayas
11:23 Feudal Age
12:16 Double-Bit Axe
14:01 Loom
18:49 Castle Age
16:46 Gold Mining
16:57 Fletching
17:08 Padded Archer Armor
16:53 Horse Collar
18:24 Stone Mining
19:07 Crossbowman
19:45 Bodkin Arrow
20:11 Bow Saw
20:45 Leather Archer Armor
24:33 Wheelbarrow
23:44 Town Watch
26:44 Ballistics
34:11 Imperial Age
34:16 Arbalester
35:02 Thumb Ring
35:00 Bracer
35:30 Ring Archer Armor
35:52 Conscription
36:58 Chemistry
39:24 Two-Man Saw
40:03 Gold Shaft Mining
41:38 Hand Cart
41:25 Town Patrol
41:48 Elite Skirmisher
48:09 Heavy Plow
48:41 Ring Archer Armor
48:30 Siege Engineers
48:35 Masonry
50:00 Hoardings
48:46 Shield Wall
sgt peppers s
8:27 Loom
11:01 Feudal Age
16:12 Castle Age
15:56 Horse Collar
16:05 Double-Bit Axe
19:25 Wheelbarrow
20:19 Bow Saw
23:52 Heavy Plow
28:52 Gold Mining
28:53 Stone Mining
33:08 Imperial Age
31:06 Hand Cart
32:06 Scale Barding Armor
32:12 Forging
32:56 Forging
34:24 Chain Barding Armor
34:40 Iron Casting
34:28 Conscription
35:16 Husbandry
35:12 Elite Mameluke
36:30 Plate Barding Armor
36:08 Bloodlines
38:23 Light Cavalry
40:31 Hussar
42:13 Blast Furnace
49:40 Caravan
54:39 Capped Ram
Serenity
6:33 Loom
9:13 Feudal Age
15:01 Double-Bit Axe
16:44 Fletching
22:04 Castle Age
20:36 Padded Archer Armor
20:45 Gold Mining
22:50 Wheelbarrow
22:22 Crossbowman
24:20 Bodkin Arrow
25:44 Bow Saw
27:12 Leather Archer Armor
31:16 Ballistics
36:49 Imperial Age
36:53 Arbalester
37:38 Thumb Ring
37:34 Bracer
39:06 Chemistry
43:14 Gold Shaft Mining
42:32 Stone Mining
43:07 Conscription
44:13 Caravan
49:12 Two-Man Saw
52:37 Halberdier
53:17 Squires
54:12 Elite Skirmisher
Vrou
6:46 Loom
9:35 Feudal Age
13:58 Double-Bit Axe
13:56 Horse Collar
21:23 Castle Age
19:57 Fletching
21:35 Wheelbarrow
21:57 Crossbowman
22:34 Bodkin Arrow
27:59 Ballistics
28:03 Hand Cart
28:33 Padded Archer Armor
29:58 Bow Saw
30:54 Heavy Plow
32:53 Thumb Ring
37:24 Imperial Age
34:46 Town Watch
35:24 Leather Archer Armor
34:52 Treadmill Crane
36:40 Elite Skirmisher
37:43 Arbalester
38:25 Bracer
38:56 Ring Archer Armor
39:30 Chemistry
39:40 Masonry
39:43 Forging
39:39 Scale Barding Armor
41:29 Coinage
41:01 Caravan
48:00 Capped Ram
49:01 Forging
48:56 Scale Barding Armor
48:53 Scale Mail Armor
49:50 Pikeman
50:17 Gambesons
50:50 Chain Mail Armor
51:10 Iron Casting
50:40 Halberdier
51:21 Squires
51:07 Arson
AnotherBirdLover
5:25 Loom
10:37 Feudal Age
11:12 Double-Bit Axe
16:06 Castle Age
14:56 Horse Collar
15:57 Bloodlines
18:09 Bow Saw
25:58 Wheelbarrow
26:03 Wheelbarrow
25:26 Town Watch
25:53 Scale Barding Armor
26:36 Forging
27:08 Heavy Plow
27:40 Town Watch
28:39 Gold Mining
28:39 Stone Mining
29:23 Husbandry
30:07 Stone Mining
30:50 Chain Barding Armor
30:26 Stone Mining
32:36 Hand Cart
36:40 Imperial Age
35:36 Iron Casting
34:51 Fletching
35:23 Ballistics
34:45 Treadmill Crane
35:25 Ballistics
35:54 Stone Shaft Mining
35:43 Town Patrol
35:28 Vendel Legacy
36:44 Cavalier
38:04 Plate Barding Armor
39:03 Crop Rotation
39:31 Conscription
40:26 Blast Furnace
40:32 Masonry
42:35 Architecture
44:09 Chemistry
43:06 Bodkin Arrow
47:18 Light Cavalry
48:19 Guilds
49:55 Hussar
54:42 Bracer
Connection lost

Rejoining the realm…

Still unreachable

The connection could not be restored.

Session expired

The server has moved on; the page needs a fresh start.